 Dungeon Sprint DCSS version bcrawl-1.27.6 (webtiles) character file.

Game seed: 10427014367794806383

1068783 Chiseanne the Warrior (level 9, -7/80 HPs)
             Began as a Demonspawn Archaeologist on Sept 26, 2020.
             Was an Initiate of Gozag.
             Mangled by a deep troll (23 damage)
             ... in the Dungeon (Sprint I: "Red Sonja").
             The game lasted 00:09:25 (1078 turns).

Chiseanne the Warrior (Demonspawn Archaeologist)    Turns: 1078, Time: 00:09:26

Health: -7/80      AC: 14    Str: 13    XL:     9   Next: 57%
Magic:  7/7        EV: 11    Int: 16    God:    Gozag
Gold:   27         SH:  6    Dex:  9    Spells: 8/8 levels left

rFire    + . .     SeeInvis .   a - +3 dagger (venom)
rCold    . . .     Gourm    .   (no shield)
rNeg     . . .     Faith    .   p - +1 scale mail {rF+}
rPois    .         Spirit   .   c - +1 hat
rElec    .         Reflect  .   (no cloak)
rCorr    .         Harm     .   (no gloves)
MR       .....     Rnd*Rage +   d - +1 pair of boots Stlth ++........NoTele +
                                (no amulet)
HPRegen  0.23/turn              (no ring)
MPRegen  0.10/turn              (no ring)

@: hasted, very quick
A: talons 1, large bone plates 2, [berserk 2], [blurry vision 2], [clumsy 2],
demonic guardian 1, [frail 1], [low mp 2], nightstalker 1, [no potion heal 1],
[subdued magic 2]
a: Potion Petition, Call Merchant, Bribe Branch, Renounce Religion


You were in the Dungeon.
You worshipped Gozag.
Gozag was noncommittal.
You were not hungry.

You visited 1 branch You collected 940 gold pieces.
You spent 913 gold pieces at shops.

Inventory:

Hand Weapons
 a - a +3 dagger of venom (weapon)
Missiles
 b - 3 curare-tipped needles
 l - 144 sling bullets
Armour
 c - a +1 hat (worn)
 d - a +1 pair of boots (worn)
 p - a +1 scale mail of fire resistance (worn)
Wands
 h - a wand of enslavement (7)
 n - a wand of polymorph (4)
Scrolls
 g - a scroll of magic mapping
 i - a scroll of identify
 m - 2 scrolls of blinking
 q - a scroll of remove curse
Potions
 e - a potion of haste
 j - 3 potions of curing
 k - 2 potions of magic
 o - a potion of brilliance


   Skills:
 * Level 15.1 Fighting
   Level 0.8 Maces & Flails
 * Level 13.5 Armour
 - Level 4.5 Dodging
 - Level 3.0 Stealth


You had 8 spell levels left.
You didn't know any spells.
Your spell library was empty.

Dungeon Overview and Level Annotations

Branches:
Dungeon (1/1)

Altars:
Cheibriados
Dithmenos
Elyvilon
Fedhas
Gozag
Hepliaklqana
Kikubaaqudgha
Nemelex Xobeh
Okawaru
Qazlal
Ru
Sif Muna
Trog
Uskayaw
Vehumet
Wu Jian
Yredelemnul
Zin
The Shining One

Shops:
D ?}((!?


Innate Abilities, Weirdness & Mutations

You have sharp toenails.
You are mostly covered in large bone plates. (SH +6)
A weak demonic guardian rushes to your aid.
You are slightly more attuned to the shadows.
[You often lose your temper in combat.]
[Scrolls take you longer to read.]
[You are very clumsy. (Dex -4)]
[You are frail. (-10% HP)]
[Your magical capacity is very low. (-20% MP)]
[Potions are less effective at restoring your health.]
[Your spells are easier to cast, but less powerful.]


Message History

a +0 dagger of distortion; a +0 blowgun You swap places.
Your shadow imp gestures at the deep troll.
The deep troll writhes in agony!
The deep troll bites your shadow imp!
Your shadow imp dies!
There is an ornate altar of the Wu Jian Council here.
Evoke which item? (* to show all) (? for menu, Esc to quit)
Okay, then.
Wield which item (- for none, * to show all)? (? for menu, Esc to quit)
That's the wrong kind of item! (Use * to select it.) Wield which item (- for none, * to show all)? (? for menu, Esc to quit)
That's the wrong kind of item! (Use * to select it.) Wield which item (- for none, * to show all)? (? for menu, Esc to quit)
Okay, then.
Unknown command.
Press < or > to pray at altars.
You feel yourself speed up. The deep troll bites you!!
You die...
Your body crumbles into a pile of gold.

################**************
#<.#..').#.)'..#__*$$+,,,*,,*,
#.)'÷.#..'..#..+,,+$$*,,,**+*$
#.[#####'#####'#__****,,,+,,*$
#..####..#...#.#***,,*****,,+$
#..#__####..##.#≈≈≈,,*$$**+***
#..#_____##'#_.+≈≈≈,,+,,*,,,,,
#⌠⌠#_)∩...'..@_#≈≈≈,,*$$*,,,,,
####_..__##_T#'#*+*****+***,,,
*$$#_____###'#.#$,,,***,+$*,,,
############.####+###,***$*,,*
#∩^.......'...'$$.$$+,∩**,*,,*
###''''####...#######****$**+*
#.......####.###,,,,,,,**,**,*
#........#.#'#.#,,,,,,,,+$****
#..#.....#.....#+++******,*,,+


You could see a deep troll.

Vanquished Creatures
  6 shining eyes (D)
  Sigmund (D)
  A yak (D)
  A warg (D)
  A naga (D)
  A jelly (D)
  Ijyb (D)
  5 ballistomycetes (D)
17 creatures vanquished.

Vanquished Creatures (collateral kills)
  2 shining eyes (D)
  4 floating eyes (D)
6 creatures vanquished.

Vanquished Creatures (others)
  2 ballistomycete spores (D)
2 creatures vanquished.

Grand Total: 25 creatures vanquished

Notes
Turn   | Place    | Note
-------+----------+-------------------------------------------
     0 | D        | Chiseanne the Demonspawn Archaeologist began the quest for
                  | the Orb.
     0 | D        | Reached XP level 1. HP: 15/15 MP: 1/1
     1 | D        | Noticed Ijyb
    26 | D        | Killed Ijyb
    26 | D        | Reached skill level 4 in Fighting
    26 | D        | Gained mutation: You are slightly more attuned to the
                  | shadows. [demonic ancestry]
    26 | D        | Reached XP level 2. HP: 3/25 MP: 2/2
   148 | D        | Noticed an ogre
   149 | D        | Noticed a warg
   149 | D        | an ogre changed into a warg
   175 | D        | Killed a warg
   175 | D        | Reached skill level 7 in Fighting
   175 | D        | Reached skill level 5 in Armour
   175 | D        | Gained mutation: You have sharp toenails. [demonic
                  | ancestry]
   175 | D        | Reached XP level 3. HP: 5/36 MP: 3/3
   175 | D        | Reached XP level 4. HP: 6/43 MP: 4/4
   175 | D        | Gained mutation: You are partially covered in large bone
                  | plates. (SH +4) [demonic ancestry]
   175 | D        | Reached XP level 5. HP: 7/48 MP: 5/5
   175 | D        | Identified a scroll of acquirement
   305 | D        | Identified the +1 scale mail of the Salmon {rElec rF+ rCorr
                  | Dex+3} (You acquired it in the Dungeon)
   305 | D        | Identified the ring "Qerom" {Fire rPois} (You acquired it
                  | in the Dungeon)
   317 | D        | Noticed Sigmund
   327 | D        | Killed Sigmund
   327 | D        | Reached skill level 9 in Fighting
   327 | D        | Gained mutation: A weak demonic guardian rushes to your
                  | aid. [demonic ancestry]
   327 | D        | Reached XP level 6. HP: 47/58 MP: 6/6
   363 | D        | Found a shimmering blue altar of Sif Muna.
   364 | D        | Found an ornate altar of the Wu Jian Council.
   365 | D        | Found a radiant altar of Vehumet.
   435 | D        | Found Hafea's Antique Weapon Emporium.
   435 | D        | Found a hazy altar of Hepliaklqana.
   435 | D        | Found a hide-covered altar of Uskayaw.
   435 | D        | Found an opulent altar of Gozag.
   435 | D        | Found a snail-covered altar of Cheibriados.
   435 | D        | Found a sacrificial altar of Ru.
   435 | D        | Noticed a yak
   436 | D        | Found an ancient bone altar of Kikubaaqudgha.
   436 | D        | Found a stormy altar of Qazlal.
   436 | D        | Found a blossoming altar of Fedhas.
   436 | D        | Found a bloodstained altar of Trog.
   436 | D        | Found an iron altar of Okawaru.
   436 | D        | Found a basalt altar of Yredelemnul.
   436 | D        | Found a glowing golden altar of the Shining One.
   436 | D        | Found a glowing silver altar of Zin.
   436 | D        | Found a shadowy altar of Dithmenos.
   436 | D        | Found a white marble altar of Elyvilon.
   441 | D        | Killed a yak
   441 | D        | Reached skill level 10 in Fighting
   442 | D        | Found a sparkling altar of Nemelex Xobeh.
   446 | D        | Bought a glimmering arbalest for 256 gold pieces
   448 | D        | Identified the +4 arbalest of Trauma {penet, Fragile +Fly
                  | Str+3} (You bought it in a shop in the Dungeon)
   451 | D        | Became a worshipper of Gozag Ym Sagoz the Greedy
   457 | D        | Noticed Sonja
   469 | D        | Noticed Sonja
   469 | D        | Sonja changed into Sonja the naga
   475 | D        | Killed Sonja the naga
   475 | D        | Reached XP level 7. HP: 9/67 MP: 7/7
   482 | D        | HP: 3/67 [poisoned by Sonja (curare-tipped needle)]
   487 | D        | HP: 3/67 [poisoned by Sonja (curare-tipped needle)]
   867 | D        | Found Izawis's Magic Scroll Boutique.
   874 | D        | Bought a scroll of enchant weapon for 105 gold pieces
   874 | D        | Bought a scroll of magic mapping for 49 gold pieces
   874 | D        | Bought a scroll of remove curse for 42 gold pieces
   882 | D        | Noticed a shining eye
   882 | D        | Noticed a shining eye
   883 | D        | Noticed a shining eye
   886 | D        | Paralysed by a floating eye for 2 turns
   890 | D        | Paralysed by a floating eye for 3 turns
   894 | D        | Paralysed by a floating eye for 3 turns
   901 | D        | Paralysed by a floating eye for 3 turns
   909 | D        | Killed a shining eye
   909 | D        | Reached skill level 11 in Fighting
   909 | D        | Reached skill level 10 in Armour
   912 | D        | Paralysed by a floating eye for 4 turns
   915 | D        | Noticed a shining eye
   916 | D        | Reached skill level 12 in Fighting
   917 | D        | Killed a shining eye
   917 | D        | Reached XP level 8. HP: 78/78 MP: 5/5
   918 | D        | Noticed a shining eye
   924 | D        | Killed a shining eye
   925 | D        | Noticed a shining eye
   925 | D        | Noticed a shining eye
   927 | D        | Noticed a shining eye
   929 | D        | Paralysed by a floating eye for 4 turns
   935 | D        | Killed a shining eye
   935 | D        | Reached skill level 13 in Fighting
   952 | D        | Killed a shining eye
   952 | D        | Reached skill level 14 in Fighting
   952 | D        | Gained mutation: You are mostly covered in large bone
                  | plates. (SH +6) [demonic ancestry]
   952 | D        | Reached XP level 9. HP: 69/69 MP: 6/6
   958 | D        | Killed a shining eye
   966 | D        | Killed a shining eye
   972 | D        | Killed a shining eye
   972 | D        | Reached skill level 15 in Fighting
   974 | D        | Paralysed by fainting for 12 turns
  1021 | D        | Found Moschac's Distillery.
  1021 | D        | Found Onutoff's Gadget Shoppe.
  1021 | D        | Found Omeox's Magic Scroll Boutique.
  1021 | D        | Found Orasti's Weapon Emporium.
  1035 | D        | Bought a scroll of blinking for 90 gold pieces
  1037 | D        | Bought a potion of haste for 140 gold pieces
  1037 | D        | Bought a potion of curing for 35 gold pieces
  1037 | D        | Bought a potion of haste for 140 gold pieces
  1037 | D        | Bought a potion of brilliance for 56 gold pieces
  1055 | D        | Noticed a deep troll
  1078 | D        | Mangled by a deep troll

Skill      XL: |  1  2  3  4  5  6  7  8  9 |
---------------+----------------------------+-----
Fighting       | 4 7 9 10 12 14 15 | 15.1
Dodging        | 4 |  4.5
Armour         | 5 7 9 11 12 13 | 13.5
Maces & Flails | |  0.8
Stealth        | |  3.0

Action                   |  1- 3 |  4- 6 |  7- 9 || total
-------------------------+-------+-------+-------++-------
Melee: Unarmed           |    15 |       |       ||    15
       Whip              |     2 |       |       ||     2
       Dagger            |    22 |    16 |   101 ||   139
Evoke: Wand              |     1 |     6 |     7 ||    14
  Use: Potion            |     4 |       |     1 ||     5
       Scroll            |       |     2 |     2 ||     4
 Stab: Sleeping          |       |     1 |       ||     1
       Distracted        |       |       |     2 ||     2
  Eat: Ration            |       |       |     2 ||     2
Armor: Robe              |     1 |       |       ||     1
       Scale mail        |     7 |     6 |     6 ||    19
Dodge: Dodged            |    19 |     9 |    11 ||    39
Block: Other             |       |     2 |     9 ||    11
